 Dungeon Crawl Stone Soup version 0.22-a0-362-g535178c (webtiles) character file.

191 dstrtnsr the Chiller (level 5, -8/37 HPs)
             Began as a Gnoll Ice Elementalist on Apr 22, 2018.
             Killed by miscasting Summon Ice Beast (11 damage)
             ... on level 5 of the Dungeon.
             The game lasted 00:07:05 (998 turns).

dstrtnsr the Chiller (Gnoll Ice Elementalist)        Turns: 998, Time: 00:07:06

Health: -8/37      AC:  2    Str: 10    XL:     5   Next: 70%
Magic:  4/12       EV: 15    Int: 18    God:
Gold:   126        SH:  0    Dex: 16    Spells: 6/14 levels left

rFire    . . .     SeeInvis .   i - +0 dagger (venom)
rCold    . . .     Gourm    .   (no shield)
rNeg     . . .     Faith    .   a - +0 robe
rPois    +         Spirit   .   (no helmet)
rElec    .         Reflect  .   (no cloak)
rCorr    .         Harm     .   (no gloves)
MR       .....                  (no boots)
Stlth    +++.......             (no amulet)
HPRegen  0.12/turn              p - ring of poison resistance
MPRegen  0.13/turn              (no ring)

@: no potions, very slightly contaminated
A: distributed training, fangs 1, strong nose
a: no special abilities


You were on level 5 of the Dungeon.
You were not hungry.

You visited 1 branch of the dungeon, and saw 5 of its levels.

You collected 126 gold pieces.

Inventory:

Hand Weapons
 i - a +0 dagger of venom (weapon)
 m - a +0 rapier
 o - a +0 morningstar
Missiles
 h - 21 arrows
 j - 2 stones (quivered)
 n - 20 bolts
Armour
 a - a +0 robe (worn)
 k - a +0 buckler
Magical Staves
 v - an uncursed staff of fire
Jewellery
 p - a ring of poison resistance (left hand)
Wands
 r - a wand of disintegration (16)
Scrolls
 b - a scroll of enchant weapon {unknown}
 d - a scroll of remove curse {@r2}
 e - a scroll of identify {unknown}
 l - a scroll of teleportation {unknown}
 u - a scroll of fog {unknown}
Potions
 f - a potion of magic {unknown}
 g - a potion of mutation {unknown}
 q - a potion of heal wounds {unknown}
 s - 2 potions of agility {unknown}
 t - a potion of might {unknown}
Comestibles
 c - 4 rations {!d}


   Skills:
 + Level 1.5 Fighting
 + Level 1.5 Short Blades
 + Level 1.5 Long Blades
 + Level 1.5 Axes
 + Level 1.5 Maces & Flails
 + Level 1.5 Polearms
 + Level 1.5 Staves
 + Level 1.5 Slings
 + Level 1.5 Bows
 + Level 1.5 Crossbows
 + Level 1.5 Throwing
 + Level 1.5 Armour
 + Level 4.8 Dodging
 + Level 4.4 Stealth
 + Level 1.5 Shields
 + Level 1.5 Unarmed Combat
 + Level 5.2 Spellcasting
 + Level 2.4 Conjurations
 + Level 1.2 Hexes
 + Level 1.2 Charms
 + Level 1.2 Summonings
 + Level 1.2 Necromancy
 + Level 1.2 Translocations
 + Level 1.2 Transmutations
 + Level 1.2 Fire Magic
 + Level 5.5 Ice Magic
 + Level 1.2 Air Magic
 + Level 1.2 Earth Magic
 + Level 1.2 Poison Magic
 + Level 1.7 Invocations
 + Level 1.5 Evocations


You had 6 spell levels left.
You knew the following spells:

 Your Spells              Type           Power        Failure   Level  Hunger
a - Freeze                Ice            ###.         1%          1    None
i - Summon Ice Beast      Ice/Summ       ###.....     32%         4    ####...
o - Ozocubu's Armour      Chrm/Ice       ###.....     10%         3    ##.....


Dungeon Overview and Level Annotations

Branches:
Dungeon (5/15)
 Temple: D:4-7

Altars:
Dithmenos


Innate Abilities, Weirdness & Mutations

Your experience applies equally to all skills.
You have very sharp teeth.
Your uncanny sense of smell can sniff out nearby items.


Message History

Aim: a phantom (moderately damaged) Attack!
Your ice beast misses the phantom.
The phantom blinks!
Unknown command.
Casting: Summon Ice Beast (quite dangerous; 32% risk of failure)
Confirm with . or Enter, or press ? or * to list all spells.
Okay, then.
Unknown command.
Unknown command.
What are your orders? t - Bark!
Orders for allies: a - Attack new target. p - Attack previous target. r - Retreat! s - Stop attacking. g - Guard the area. f - Follow me.
Anything else - Cancel.
Gang up on whom?
Press: ? - help, Dir - move target cursor, f/p - phantom
Aim: a phantom (moderately damaged) Attack!
Unknown command.
You can drink potions again.
The phantom hits your ice beast!
The phantom blinks!
Unknown command.
Unknown command.
Unknown command.
A black bear comes into view.
You see here a sedimented grey potion.
s - 2 sedimented grey potions (gained 1)
Your ice beast barely misses the phantom.
Unknown command.
What are your orders? t - Bark!
Orders for allies: a - Attack new target. p - Attack previous target. r - Retreat! s - Stop attacking. g - Guard the area. f - Follow me.
Anything else - Cancel.
Gang up on whom?
Press: ? - help, Dir - move target cursor, f/p - phantom
Aim: a phantom (moderately damaged) Attack!
The phantom hits your ice beast but does no damage.
Your ice beast barely misses the phantom.
The phantom hits your ice beast.
The phantom blinks!
Unknown command.
Your ice beast disappears in a puff of smoke!
Your ice beast hits the phantom but does no damage.
Unknown command.
The phantom hits your ice beast.
Your ice beast hits the phantom.
Your ice beast freezes the phantom.
The phantom resists.
Unknown command.
Your ice beast closely misses the phantom.
Unknown command.
Your ice beast hits the phantom.
Your ice beast freezes the phantom.
The phantom resists.
Unknown command.
Unknown command.
The phantom blinks!
There is a stone staircase leading down here.
You climb downwards.
There is a stone staircase leading up here.
Unknown command.
Unknown command.
Your magical contamination has completely faded away.
Found a ration.
Found an escape hatch in the floor.
An orc comes into view. It is wielding a club.
The orc shouts! 2 orc wizards come into view.
You hit the orc but do no damage. The orc hits you but does no damage.
Casting: Summon Ice Beast (quite dangerous; 32% risk of failure)
Confirm with . or Enter, or press ? or * to list all spells.
Aiming: Freeze (safe; 1% risk of failure)
Press: ? - help, Shift-Dir - straight line, f - orc
Aim: an orc, wielding a club and wearing a ring mail You freeze the orc.
You kill the orc!
Things that are here:
a club; a ring mail Magic restored.
You are feeling very hungry.
You eat one of the 5 rations {!d}.
That ration really hit the spot!
The orc wizard shouts!
The orc wizard casts a spell.
The orc wizard seems to speed up.
Unknown command.
Casting: Freeze (safe; 1% risk of failure)
Confirm with . or Enter, or press ? or * to list all spells.
You miscast Summon Ice Beast.
You are very lightly contaminated with residual magic.
Heat is drained from your body!
* * * LOW HITPOINT WARNING * * *
The orc wizard casts a spell at you. The magic dart hits you!
* * * LOW HITPOINT WARNING * * *
Huge Dmg: -59%(-22hp) hp: 9%(3hp)
Casting: Summon Ice Beast (quite dangerous; 32% risk of failure)
Confirm with . or Enter, or press ? or * to list all spells.
You miscast Summon Ice Beast.
Heat is drained from your body!
You die...

#######...# #...##
## #.o..## ...
#.....# ...##
#.....# # ≈≈§#
##.#### #§ #§####.#
#.. #≈..##.#########
#§###§#.##....@....#
#§§≈≈≈<.o.########.#
#....#.##.# #...#
####.#....# #.###
#.###### #.#
#.###########.#
#.)...........#
###############


You could see an orc wizard.

Vanquished Creatures
  A crimson imp (D:4)
  An orc wizard (D:4)
  A worker ant (D:4)
  3 adders
  2 oozes
  3 worms
  A dart slug (D:2)
  An orc (D:5)
  2 bats
  A giant cockroach (D:2)
  3 goblins
  2 hobgoblins
  2 jackals (D:1)
  4 kobolds
  3 rats
30 creatures vanquished.

Vanquished Creatures (collateral kills)
  An orc priest (D:4)
  3 gnolls (D:4)
  An orc (D:4)
  A giant cockroach (D:4)
6 creatures vanquished.

Grand Total: 36 creatures vanquished

Notes
Turn   | Place    | Note
-------+----------+-------------------------------------------
     0 | D:1      | dstrtnsr the Gnoll Ice Elementalist began the quest for the Orb.
     0 | D:1      | Reached XP level 1. HP: 13/13 MP: 6/6
    90 | D:2      | Reached XP level 2. HP: 20/20 MP: 4/7
   157 | D:2      | HP: 8/20 [kobold (3)]
   165 | D:2      | Reached skill level 5 in Spellcasting
   165 | D:2      | Reached XP level 3. HP: 10/25 MP: 1/9
   166 | D:2      | HP: 8/25 [kobold (2)]
   214 | D:2      | Learned a level 3 spell: Ozocubu's Armour
   253 | D:2      | HP: 9/25 [goblin/club (2)]
   254 | D:2      | Reached skill level 1 in Invocations
   260 | D:2      | HP: 8/25 [poisoned by a kobold]
   273 | D:2      | HP: 4/25 [worm (5)]
   289 | D:2      | Found a shadowy altar of Dithmenos.
   303 | D:2      | HP: 2/25 [worm (4)]
   310 | D:2      | HP: 5/25 [worm (9)]
   463 | D:3      | Reached skill level 1 in Fighting
   463 | D:3      | Reached skill level 1 in Short Blades
   463 | D:3      | Reached skill level 1 in Long Blades
   463 | D:3      | Reached skill level 1 in Axes
   463 | D:3      | Reached skill level 1 in Maces & Flails
   463 | D:3      | Reached skill level 1 in Polearms
   463 | D:3      | Reached skill level 1 in Staves
   463 | D:3      | Reached skill level 1 in Slings
   463 | D:3      | Reached skill level 1 in Bows
   463 | D:3      | Reached skill level 1 in Crossbows
   463 | D:3      | Reached skill level 1 in Throwing
   463 | D:3      | Reached skill level 1 in Armour
   463 | D:3      | Reached skill level 1 in Shields
   463 | D:3      | Reached skill level 1 in Unarmed Combat
   463 | D:3      | Reached skill level 1 in Evocations
   463 | D:3      | Reached XP level 4. HP: 24/32 MP: 7/11
   474 | D:3      | Learned a level 4 spell: Summon Ice Beast
   587 | D:4      | Reached skill level 1 in Hexes
   587 | D:4      | Reached skill level 1 in Charms
   587 | D:4      | Reached skill level 1 in Summonings
   587 | D:4      | Reached skill level 1 in Necromancy
   587 | D:4      | Reached skill level 1 in Translocations
   587 | D:4      | Reached skill level 1 in Transmutations
   587 | D:4      | Reached skill level 1 in Fire Magic
   587 | D:4      | Reached skill level 1 in Air Magic
   587 | D:4      | Reached skill level 1 in Earth Magic
   587 | D:4      | Reached skill level 1 in Poison Magic
   612 | D:4      | Reached XP level 5. HP: 32/37 MP: 5/12
   623 | D:4      | HP: 11/37 [gnoll/spear (10)]
   797 | D:4      | HP: 14/37 [poisoned by a worker ant]
   805 | D:4      | HP: 13/37 [poisoned by a worker ant]
   849 | D:4      | Noticed a phantom
   859 | D:4      | HP: 8/37 [something (8)]
   871 | D:4      | Noticed a black bear
   907 | D:5      | Entered Level 5 of the Dungeon
   997 | D:5      | HP: 11/37 [something (14)]
   997 | D:5      | HP: 3/37 [orc wizard/magic dart (8)]
   998 | D:5      | Killed by miscasting Summon Ice Beast

Vault maps used:
D:1:      minmay_arrival_radiant_lines
D:2:      marbit_many_paths, nicolae_dithmenos_through_a_glass_darkly,
          serial_corexii_hall, corexii_hall_statues_l, corexii_hall_statues_s,
          small_statue_intersection
D:3:      lemuel_crystal_altar, uniq_crazy_yiuf_cottage
D:4:      first_ration
D:5:      kennysheep_windowed_halls, kennysheep_mini_moat, minitemple,
          lemuel_coloured_pillars_altar, lemuel_round_altar, elyvilon_altar_3,
          uniq_duvessa

Skill      XL: |  1  2  3  4 |
---------------+-------------+-----
Conjurations   | 2 |  2.4
Spellcasting   | 5 |  5.2
Invocations    | 1 |  1.7
Fighting       | 1 |  1.5
Short Blades   | 1 |  1.5
Long Blades    | 1 |  1.5
Axes           | 1 |  1.5
Maces & Flails | 1 |  1.5
Polearms       | 1 |  1.5
Staves         | 1 |  1.5
Slings         | 1 |  1.5
Bows           | 1 |  1.5
Crossbows      | 1 |  1.5
Throwing       | 1 |  1.5
Armour         | 1 |  1.5
Shields        | 1 |  1.5
Unarmed Combat | 1 |  1.5
Evocations     | 1 |  1.5
Hexes          | 1 |  1.2
Charms         | 1 |  1.2
Summonings     | 1 |  1.2
Necromancy     | 1 |  1.2
Translocations | 1 |  1.2
Transmutations | 1 |  1.2
Fire Magic     | 1 |  1.2
Air Magic      | 1 |  1.2
Earth Magic    | 1 |  1.2
Poison Magic   | 1 |  1.2
Dodging        | |  4.8
Stealth        | |  4.4
Ice Magic      | |  5.5

Action                   |  1- 3 |  4- 6 || total
-------------------------+-------+-------++-------
Melee: Dagger            |     7 |     6 ||    13
       Bite              |     1 |     1 ||     2
       Unarmed           |     1 |       ||     1
Throw: Stone             |       |     2 ||     2
 Cast: Freeze            |    33 |    14 ||    47
       Summon Ice Beast  |       |     5 ||     5
  Use: Scroll            |     1 |       ||     1
       Potion            |     1 |       ||     1
 Stab: Sleeping          |     2 |       ||     2
  Eat: Ration            |       |     1 ||     1
Armor: Robe              |     5 |       ||     5
Dodge: Dodged            |    23 |    10 ||    33

Table legend:
 A = Spawn XP
 B = Non-spawn XP
 C = Spawn XP percentage of total XP
 D = Spawn monster count
 E = Non-spawn monster count
 F = Spawn count percentage of total count
 G = Total turns spent on level
                    A         B        C        D         E        F      G
               +---------+---------+-------+---------+---------+-------+---------
         Total |       0 |     273 |   0.0 |       0 |      36 |   0.0 |   998
               +---------+---------+-------+---------+---------+-------+---------
           D:1 |       0 |       8 |   0.0 |       0 |       5 |   0.0 |   118
           D:2 |       0 |      63 |   0.0 |       0 |      15 |   0.0 |   332
           D:3 |       0 |      24 |   0.0 |       0 |       5 |   0.0 |    85
           D:4 |       0 |     175 |   0.0 |       0 |      10 |   0.0 |   372
           D:5 |       0 |       3 |   0.0 |       0 |       1 |   0.0 |    91
               +---------+---------+-------+---------+---------+-------+---------
